 Dungeon Crawl Stone Soup version 0.31-a0-150-g89dc3ad700 (webtiles) character file.

Game seed: 17023556956565351369

228 qw the Shooter (level 5, -1/46 HPs)
             Began as a Minotaur Hunter on June 8, 2023.
             Slain by a black bear (3 damage)
             ... on level 5 of the Dungeon.
             The game lasted 00:00:36 (1567 turns).

qw the Shooter (Minotaur Hunter)                    Turns: 1567, Time: 00:00:37

Health: -1/46      AC:  3    Str: 15    XL:     5   Next: 70%
Magic:  4/4        EV: 12    Int:  6    God:
Gold:   136        SH:  0    Dex: 16    Spells: 4/4 levels left

rFire   . . .        Y - +0 shortbow
rCold   + . .        (shield currently unavailable)
rNeg    . . .        c - +0 leather armour
rPois   .            (helmet restricted)
rElec   .            (no cloak)
rCorr   .            (no gloves)
SInv    .            (no boots)
Will    .....        (no amulet)
Stlth   +            h - ring of protection from cold
HPRegen 0.27/turn    (no ring)
MPRegen 0.09/turn

%: no passive effects
@: no status effects
A: horns 2, retaliatory headbutt
a: no special abilities


You were on level 5 of the Dungeon.
You visited 1 branch of the dungeon, and saw 5 of its levels.

You collected 136 gold pieces.


Innate Abilities, Weirdness & Mutations

You have a pair of horns on your head.
You reflexively headbutt those who attack you in melee.


   Skills:
 - Level 4.3 Fighting
 + Level 7.0 Ranged Weapons
 - Level 2.1 Dodging
 - Level 0.7 Stealth


You had 4 spell levels left.
You didn't know any spells.
Your spell library was empty.

Inventory:

Hand Weapons
 Y - a +0 shortbow (weapon)
Armour
 c - a +0 leather armour (worn)
Jewellery
 h - a ring of protection from cold (left hand)
Scrolls
 e - a scroll of identify
Potions
 f - a potion of might {unknown}
 g - a potion of brilliance {unknown}
 j - a potion of curing
 k - a potion of resistance {unknown}

Dungeon Overview and Level Annotations

Branches:
Dungeon (6/15)
 Temple: D:4-7

Altars:

Annotations:
D:6 Duvessa


Message History

You shoot an arrow. The arrow barely misses the scorpion.
You feel sick. The scorpion barely misses you.
The black bear barely misses you.
The black bear claws you but does no damage.
The black bear misses you. The scorpion closely misses you.
You furiously retaliate!
You headbutt the scorpion!
You kill the scorpion!
Your Ranged Weapons skill increases to level 7!
You shoot an arrow. The arrow barely misses the black bear.
You feel sick.
The black bear bites you but does no damage.
The black bear barely misses you. The black bear claws you.
The black bear closely misses you. The black bear barely misses you.
The black bear claws you but does no damage.
You shoot an arrow.
The arrow hits the black bear but does no damage.
The black bear is lightly wounded.
You feel sick. The black bear bites you. The black bear barely misses you. x2
You shoot an arrow.
The arrow hits the black bear but does no damage.
The black bear is lightly wounded.
You feel sick. The black bear bites you. The black bear barely misses you.
The black bear claws you but does no damage.
You shoot an arrow. The arrow hits the black bear!
The black bear is moderately wounded.
You feel sick. The black bear bites you. The black bear closely misses you.
The black bear claws you but does no damage.
You shoot an arrow.
The arrow completely misses the black bear.
You feel sick.
The black bear bites you but does no damage.
The black bear claws you. x2
You shoot an arrow.
The arrow hits the black bear but does no damage.
The black bear is moderately wounded.
You feel sick.
You are no longer poisoned.
The black bear bites you.
The black bear claws you but does no damage.
The black bear claws you.
You die...

### . # #..
..##. #.#
.....##.#####.#
..%...........#
#.....h.......#
#@# #.# #.# #.#
#.# #.# #.#
##.## #.###...#
#..#.#.#.##
##..##.##.#
#..##....#
#..#####.#


You could see a black bear.

Vanquished Creatures
  2 scorpions (D:5)
  A hound (D:5)
  An orc wizard (D:5)
  An ufetubus (D:5)
  5 dart slugs
  An orc (D:5)
  4 endoplasms
  A giant cockroach (D:2)
  3 goblins
  4 hobgoblins
  3 jackals (D:5)
  A quokka (D:1)
  2 ball pythons
  5 bats
  A frilled lizard (D:2)
  4 kobolds
  2 rats (D:2)
41 creatures vanquished.

Notes
Turn   | Place    | Note
-------+----------+-------------------------------------------
     0 | D:1      | qw the Minotaur Hunter began the quest for the Orb.
     0 | D:1      | Reached XP level 1. HP: 18/18 MP: 0/0
     0 | D:1      | 0 ||| qw: Version: 0.2-a-119-g0488c42
     0 | D:1      | 0 ||| qw: Game counter: 2720
     0 | D:1      | 0 ||| qw: Always use a shield: true
     0 | D:1      | 0 ||| qw: God list: Okawaru
     0 | D:1      | 0 ||| qw: Allow faded altars: false
     0 | D:1      | 0 ||| qw: Do Orc after D:15 true
     0 | D:1      | 0 ||| qw: Do second Lair branch before Depths: true
     0 | D:1      | 0 ||| qw: Lair rune preference: random
     0 | D:1      | 0 ||| qw: Plans: Normal
     0 | D:1      | 0 ||| PLANNING D:1-11
   275 | D:1      | Reached XP level 2. HP: 25/25 MP: 1/1
   279 | D:1      | Reached skill level 5 in Ranged Weapons
   541 | D:1      | Found a faded altar of an unknown god.
   547 | D:1      | 547 ||| UPGRADING to ring of protection from cold.
   548 | D:1      | 548 ||| READING 2 scrolls labelled IGOBEI ARCHOM.
   551 | D:1      | 551 ||| READING 2 scrolls labelled LANUNOMUHE.
   552 | D:1      | 552 ||| READING scroll labelled ARRU POECANOWN.
   553 | D:1      | 553 ||| DROPPING scroll of butterflies.
   570 | D:2      | Reached skill level 3 in Fighting
   899 | D:2      | Reached XP level 3. HP: 31/31 MP: 2/2
   953 | D:2      | 953 ||| Stepping ~*~*~tactically~*~*~ (outnumbered).
  1203 | D:2      | 1203 ||| READING scroll labelled HEICESI TUASHE.
  1204 | D:2      | 1204 ||| DRINKING 2 metallic puce potions.
  1211 | D:2      | 1211 ||| DRINKING 2 coppery potions.
  1212 | D:2      | 1212 ||| DROPPING potion of ambrosia.
  1278 | D:3      | You fall into a shaft and drop 3 floors!
  1280 | D:6      | Noticed Duvessa
  1281 | D:6      | 1281 ||| FLEEEEING.
  1284 | D:6      | 1284 ||| FLEEEEING.
  1285 | D:6      | 1285 ||| FLEEEEING.
  1286 | D:6      | 1286 ||| STAIRDANCE
  1287 | D:5      | Entered Level 5 of the Dungeon
  1313 | D:5      | 1313 ||| Stepping ~*~*~tactically~*~*~ (outnumbered).
  1319 | D:5      | HP: 6/31 [orc wizard/magic dart (8)]
  1320 | D:5      | 1320 ||| READING scroll of teleportation.
  1463 | D:5      | Reached skill level 6 in Ranged Weapons
  1463 | D:5      | Reached XP level 4. HP: 27/38 MP: 3/3
  1532 | D:5      | Noticed a scorpion
  1541 | D:5      | Killed a scorpion
  1542 | D:5      | Reached XP level 5. HP: 46/46 MP: 4/4
  1553 | D:5      | Noticed a black bear
  1562 | D:5      | Reached skill level 7 in Ranged Weapons
  1565 | D:5      | HP: 9/46 [black bear (6)]
  1566 | D:5      | HP: 4/46 [black bear (2)]
  1567 | D:5      | Slain by a black bear

Levels and vault maps discovered:
D:1:      doesnt_arrival_eight_statues, layout_loops_ring,
          ebering_ecumenical_altar_rust
D:2:      layout_basic
D:3:      layout_basic, nicolae_qazlal_style_of_elements
D:5:      layout_loops_ring, minitemple, serial_shops, shop,
          minmay_misc_feat_nine_boxes, minmay_fountain_box
D:6:      layout_loops_cross, lemuel_crystal_altar, temple_hall,
          gammafunk_ghost_necromancy, serial_shops, shop,
          minmay_misc_feat_pillars, uniq_duvessa

Skill      XL: |  1  2  3  4  5 |
---------------+----------------+-----
Ranged Weapons | 5 6 7 |  7.0
Fighting       | 3 4 |  4.3
Dodging        | |  2.1
Stealth        | |  0.7

Action                     |  1- 3 |  4- 6 || total
---------------------------+-------+-------++-------
   Fire: Shortbow          |   104 |    33 ||   137
    Use: Scroll            |     5 |       ||     5
         Potion            |     2 |       ||     2
 Armour: Leather armour    |     3 |    15 ||    18
  Dodge: Dodged            |    20 |    21 ||    41

Table legend:
 A = Non-vault XP
 B = Vault XP
 C = Vault XP percentage of total XP
 D = Non-vault monster count
 E = Vault monster count
 F = Vault count percentage of total count
                 A         B        C        D         E       F
            +---------+---------+-------+---------+---------+-------
      Total |     326 |       0 |   0.0 |      41 |       0 |   0.0
            +---------+---------+-------+---------+---------+-------
        D:1 |      28 |       0 |   0.0 |      14 |       0 |   0.0
        D:2 |      24 |       0 |   0.0 |      15 |       0 |   0.0
        D:3 |       6 |       0 |   0.0 |       2 |       0 |   0.0
        D:5 |     268 |       0 |   0.0 |      10 |       0 |   0.0
            +---------+---------+-------+---------+---------+-------
